 Dungeon Crawl Stone Soup version 0.24.0-13-gcf9b319 (webtiles) character file.

Game seed: 4620842116233353733, levelgen mode: deterministic

317 Bronimir the Chopper (level 6, -4/51 HPs)
             Began as a Centaur Gladiator on Apr 13, 2020.
             Was a Follower of Makhleb.
             Slain by an iguana (6 damage)
             ... on level 4 of the Dungeon.
             The game lasted 00:07:29 (3861 turns).

Bronimir the Chopper (Centaur Gladiator)            Turns: 3861, Time: 00:07:30

Health: -4/51      AC:  7    Str: 19    XL:     6   Next: 20%
Magic:  6/6        EV:  5    Int:  7    God:    Makhleb [*.....]
Gold:   187        SH:  7    Dex: 10    Spells: 5/5 levels left

rFire    . . .     SeeInvis +   q - -1 trident (curse)
rCold    . . .     Gourm    .   m - +0 shield
rNeg     . . .     Faith    .   p - +0 scale mail
rPois    .         Spirit   .   u - +0 helmet
rElec    .         Reflect  .   (no cloak)
rCorr    +         Harm     .   (no gloves)
MR       .....                  (no barding)
Stlth    ..........             (no amulet)
HPRegen  0.17/turn              l - ring of see invisible
MPRegen  0.10/turn              y - ring of resist corrosion

@: heavily drained, very quick
A: large, hooves 3, deformed body, speed 2, tough skin 3
a: Renounce Religion


You were on level 4 of the Dungeon.
You worshipped Makhleb.
Makhleb was aware of your devotion.
You were hungry.

You visited 1 branch of the dungeon, and saw 4 of its levels.

You collected 187 gold pieces.

Inventory:

Hand Weapons
 a - a +0 war axe
 b - a +0 hunting sling
 q - a cursed -1 trident (weapon)
Missiles
 d - 2 throwing nets (quivered)
 i - 26 bolts
 j - 85 arrows
 n - 99 stones
 t - 39 sling bullets
Armour
 c - a +0 helmet
 m - a +0 shield (worn)
 o - a +0 leather armour
 p - a +0 scale mail (worn)
 u - a +0 helmet (worn)
Jewellery
 k - an uncursed amulet of harm
 l - a ring of see invisible (left hand)
 s - an uncursed ring of fire
 w - a cursed +3 ring of protection {unknown}
 y - a ring of resist corrosion (right hand)
Scrolls
 e - 2 scrolls of magic mapping
 h - a scroll of identify
 v - a scroll of fog {unknown}
Potions
 r - a potion of flight
 x - a potion of haste {unknown}
Comestibles
 f - 2 rations


   Skills:
 * Level 3.0(1.5) Fighting
 + Level 3.7(2.4) Axes
 * Level 1.7(1.5) Polearms
 + Level 2.3(0.8) Throwing
 * Level 1.8(0.4) Armour
 + Level 2.9(1.4) Dodging
 * Level 1.3(0.0) Shields


You had 5 spell levels left.
You didn't know any spells.
Your spell library contained the following spells:

 Spells                   Type           Power        Failure   Level  Hunger
 Magic Dart               Conj           #...         100%        1    ##.....
 Blink                    Tloc           N/A          100%        2    ###....
 Call Imp                 Summ           #.......     100%        2    ###....
 Slow                     Hex            #.......     100%        2    ###....
 Conjure Flame            Conj/Fire      #.......     100%        3    ####...
 Mephitic Cloud           Conj/Pois/Air  #.......     100%        3    ####...


Dungeon Overview and Level Annotations

Branches:
Dungeon (4/15)
 Temple: D:4-7

Altars:
Makhleb
Xom


Innate Abilities, Weirdness & Mutations

You have hooves in place of feet.
Armour fits poorly on your strangely shaped body.
You cover ground very quickly.
You have extremely tough skin. (AC +3)


Message History

The iguana is moderately wounded.
The iguana bites you.
Your shield and scale mail prevent you from hitting the iguana.
The iguana is moderately wounded.
The iguana bites you!
* * * LOW HITPOINT WARNING * * *
Your scale mail prevents you from hitting the iguana.
Your kick misses the iguana.
The iguana is moderately wounded.
The iguana bites you but does no damage. x2
You open the door.
An iguana comes into view.
The iguana hisses angrily.
There is an open door here.
The iguana barely misses you. As you open the door, it creaks loudly!
You hear a shout!
The iguana bites you!
* * * LOW HITPOINT WARNING * * *
The iguana bites you.
You die...

# ##. #.. +... ####
#### ..##..## ...#####
#'....# ...##..#+
#@l..#
...'....##.....##l.##
...#....#(...o.!##o##
...##..##?..8..%##.h##
...###'## ..... #...[#
...###..##..l. ##...(#
...##....##l. ##h#..##
...##....'#'###..####
...###..##..##....#


You could see 2 iguanas, a hound and an orc.

Vanquished Creatures
  A hound (D:2)
  2 orc wizards (D:3)
  An orc priest (D:3)
  A worker ant (D:4)
  7 adders
  An ooze (D:2)
  2 worms (D:2)
  4 dart slugs (D:1)
  3 leopard geckos
  8 orcs
  6 bats
  4 giant cockroaches
  15 goblins
  9 hobgoblins
  7 kobolds
  A quokka (D:4)
  A ball python (D:1)
  4 frilled lizards
  10 rats
87 creatures vanquished.

Notes
Turn   | Place    | Note
-------+----------+-------------------------------------------
     0 | D:1      | Bronimir the Centaur Gladiator began the quest for the Orb.
     0 | D:1      | Reached XP level 1. HP: 17/17 MP: 1/1
   174 | D:1      | Reached XP level 2. HP: 20/24 MP: 2/2
   759 | D:1      | Reached XP level 3. HP: 16/29 MP: 3/3
  1446 | D:2      | Reached skill level 1 in Armour
  1462 | D:2      | Reached XP level 4. HP: 17/36 MP: 4/4
  1463 | D:2      | Found a burning altar of Makhleb.
  1735 | D:2      | Found a shimmering altar of Xom.
  1736 | D:2      | Found a shimmering altar of Xom.
  1736 | D:2      | Found a shimmering altar of Xom.
  2464 | D:2      | Became a worshipper of Makhleb the Destroyer
  2565 | D:3      | Reached XP level 5. HP: 42/42 MP: 5/5
  2639 | D:3      | HP: 2/42 [poisoned by an adder]
  2642 | D:3      | Reached skill level 1 in Shields
  2645 | D:3      | Reached * piety under Makhleb
  2790 | D:3      | Reached skill level 1 in Polearms
  3272 | D:3      | Reached XP level 6. HP: 44/50 MP: 6/6
  3861 | D:4      | HP: 2/51 [iguana (12)]
  3861 | D:4      | Slain by an iguana

Levels and vault maps discovered:
D:1:      eino_arrival_druids_welcome, layout_basic
D:2:      layout_rooms, makhleb_heckhound_becter, xom_redecorated
D:3:      layout_loops_ring
D:4:      minmay_bubble_buster, layout_gridville, first_ration

Skill      XL: |  1  2  3  4  5  6 |
---------------+-------------------+-----
Axes           | 3 |  3.7
Armour         | 1 |  1.8
Shields        | 1 |  1.3
Polearms       | 1 |  1.7
Fighting       | 3 |  3.0
Throwing       | |  2.3
Dodging        | |  2.9

Action                   |  1- 3 |  4- 6 || total
-------------------------+-------+-------++-------
Melee: War axe           |    61 |    42 ||   103
       Kick              |     8 |    46 ||    54
       Trident           |       |   172 ||   172
 Fire: Hunting sling     |    12 |       ||    12
Throw: Throwing net      |     3 |       ||     3
  Use: Scroll            |       |     5 ||     5
       Potion            |       |     6 ||     6
 Stab: Held in net/web   |     1 |       ||     1
  Eat: Chunk             |       |     7 ||     7
Armor: Leather armour    |    32 |    53 ||    85
       Scale mail        |       |    22 ||    22
Dodge: Dodged            |    36 |    47 ||    83
Block: Shield            |    27 |    74 ||   101
